 Dungeon Crawl Stone Soup version 0.18-a0-824-g47fe746 (webtiles) character file.

15 Raultor the Skirmisher (level 2, 18/24 HPs)
             Began as a Demonspawn Fighter on Dec 17, 2015.
             Quit the game on level 1 of the Dungeon.
             The game lasted 00:01:05 (471 turns).

Raultor the Skirmisher (Demonspawn Fighter)          Turns: 471, Time: 00:01:05

Health: 18/24      AC:  3    Str: 16    XL:     2   Next: 34%
Magic:  2/2        EV:  8    Int:  9    God:
Gold:   30         SH:  8    Dex: 12    Spells: 0 memorised, 1 level left

rFire  . . .     SeeInvis .     a - +0 long sword
rCold  . . .     Gourm    .     i - +0 leather armour (curse)
rNeg   . . .     Faith    .     c - +0 shield
rPois  .         Spirit   .     (no helmet)
rElec  .         Dismiss  .     (no cloak)
rCorr  .         Reflect  .     (no gloves)
SustAt .         Harm     .     (no boots)
MR     .....                    (no amulet)
Stlth  +.........               (no ring)
                                (no ring)

@: not resistant to hostile enchantments, very unstealthy
A: hooves 1
a: no special abilities


You were on level 1 of the Dungeon.
You were not hungry.

You visited 1 branch of the dungeon, and saw 1 of its levels.

You collected 30 gold pieces.

Inventory:

Hand Weapons
 a - a +0 long sword (weapon)
Armour
 b - a +0 scale mail
 c - a +0 shield (worn)
 i - a cursed +0 leather armour (worn)
   (You found it on level 1 of the Dungeon)
Scrolls
 e - a scroll of enchant weapon {unknown}
Potions
 d - a potion of might
 g - a potion of mutation {unknown}
 h - a potion of curing {unknown}
Comestibles
 f - a bread ration {@e1}
 j - 3 chunks of flesh {@w0}
 k - a royal jelly


   Skills:
 + Level 3.1 Fighting
 * Level 2.1 Long Blades
 + Level 2.9 Armour
 + Level 2.9 Shields


You had one spell level left.
You didn't know any spells.

Dungeon Overview and Level Annotations

Branches:
Dungeon (1/15)

Altars:


Innate Abilities, Weirdness & Mutations

You have large cloven feet.


Message History

You barely miss the jackal.
The jackal bites you but does no damage.
The jackal barely misses you.
A giant newt and a giant cockroach come into view.
You hit the jackal but do no damage.
A giant cockroach comes into view.
You hit the jackal. You kick the jackal, but do no damage.
You block the jackal's attack. x3
You slash the jackal!
You kill the jackal!
The jackal closely misses you. You block the jackal's attack.
You hit the jackal.
You kill the jackal!
You hit the giant cockroach but do no damage.
You kick the giant cockroach, but do no damage.
You block the giant newt's attack. You block the giant cockroach's attack.
The giant cockroach bites you but does no damage.
The giant newt barely misses you.
Your shield prevents you from hitting the giant cockroach.
You block the giant cockroach's attack. The giant cockroach misses you.
You block the giant newt's attack.
The giant cockroach bites you but does no damage.
You hit the giant cockroach. You block the giant cockroach's attack.
The giant newt bites you but does no damage.
You block the giant cockroach's attack. The giant cockroach barely misses you.
You barely miss the giant cockroach.
You kick the giant cockroach, but do no damage.
You block the giant cockroach's attack. The giant newt bites you.
The giant cockroach bites you. The giant cockroach barely misses you.
You block the giant newt's attack.
The giant cockroach bites you but does no damage.
You take 2 damage, and have 22/24 hp.
You barely miss the giant cockroach. The giant cockroach barely misses you.
You block the giant cockroach's attack. The giant newt closely misses you.
The giant cockroach closely misses you.
You slash the giant cockroach!
You kill the giant cockroach!
The giant newt bites you but does no damage.
The giant cockroach bites you but does no damage.
You hit the giant cockroach.
The giant cockroach bites you but does no damage.
The giant newt barely misses you.
The giant cockroach bites you but does no damage.
You block the giant newt's attack.
You barely miss the giant cockroach.
The giant cockroach bites you but does no damage.
The giant newt bites you. You block the giant cockroach's attack.
You take 1 damage, and have 21/24 hp.
You barely miss the giant cockroach.
You kick the giant cockroach, but do no damage.
The giant newt bites you but does no damage.
The giant cockroach bites you but does no damage.
You hit the giant cockroach. Your kick misses the giant cockroach.
The giant newt bites you. You block the giant cockroach's attack.
The giant newt closely misses you.
The giant cockroach bites you but does no damage.
You take 1 damage, and have 20/24 hp.
You hit the giant cockroach but do no damage.
The giant cockroach bites you but does no damage.
The giant newt barely misses you.
You slash the giant cockroach!
You kill the giant cockroach!
The giant newt bites you.
You take 1 damage, and have 19/24 hp.
You hit the giant newt.
You kick the giant newt, but do no damage.
The giant newt bites you. The giant newt closely misses you.
You take 3 damage, and have 16/24 hp.
You miss the giant newt. Your kick misses the giant newt.
The giant newt bites you but does no damage.
You hit the giant newt.
You kill the giant newt!
No target in view!
A giant cockroach comes into view.
Things that are here:
a giant newt corpse; a jackal corpse You butcher the jackal corpse.
j - 2 chunks of flesh {@w0}
Things that are here:
a giant newt corpse; a jackal skeleton You butcher the giant newt corpse.
j - 3 chunks of flesh {@w0} (gained 1)
You see here a jackal skeleton.
You hit the giant cockroach. Your kick misses the giant cockroach.
The giant cockroach bites you but does no damage.
You block the giant cockroach's attack.
You hit the giant cockroach but do no damage.
The giant cockroach barely misses you.
You hit the giant cockroach.
The giant cockroach bites you but does no damage.
You block the giant cockroach's attack.
You hit the giant cockroach.
You kill the giant cockroach!
You now have 30 gold pieces (gained 6).
You see here a jackal corpse.
You see here a jackal corpse.
k - a royal jelly You see here a jackal corpse.
You see here a jackal skeleton.
A hobgoblin comes into view. It is wielding a club.

.#... #... .g...####
########..# ........#
##......#..# ........#
#...........
......?.#####...........
........#...............
........#...............
.......@#†..............
.........÷†.............
.........†..............
.........####...........
.........# #...........
.......... ............
.......... ..........
........... ......###


You could see a hobgoblin.

Vanquished Creatures
  A ball python (D:1)
  4 giant cockroaches (D:1)
  A goblin (D:1)
  3 jackals (D:1)
  A kobold (D:1)
  2 giant newts (D:1)
  2 rats (D:1)
14 creatures vanquished.

Notes
Turn   | Place    | Note
--------------------------------------------------------------
     0 | D:1      | Raultor the Demonspawn Fighter began the quest for the Orb.
     0 | D:1      | Reached XP level 1. HP: 18/18 MP: 1/1
   273 | D:1      | Reached skill level 2 in Long Blades
   424 | D:1      | Gained mutation: You have large cloven feet. [demonic ancestry]
   424 | D:1      | Reached XP level 2. HP: 24/24 MP: 2/2
   471 | D:1      | Quit the game

Vault maps used:
D:1:      erik_arrival_cave_to_civilisation

Action                   || total
-------------------------++-------
Melee: Long sword        ||    49

Vault maps used:
D:1:      erik_arrival_cave_to_civilisation

Table legend:
 A = Turns spent in this place as a percentage of turns spent in the entire game.
 B = Non-inter-level travel turns spent in this place as a percentage of non-inter-level travel turns spent in the entire game.
 C = Inter-level travel turns spent in this place as a percentage of turns spent in this place.
 D = Turns resting spent in this place as a percentage of non-inter-level travel turns spent in this place.
 E = Turns spent auto-exploring this place as a percentage of non-inter-level travel turns spent in this place.
 F = Non-inter-level travel turns spent in this place divided by the number of levels of this place that you've seen.
                   A       B       C       D       E      F
               +-------+-------+-------+-------+-------+----------------------
         Total | 100.0 | 100.0 |   0.0 |   2.0 |  13.3 |  98.0
       Dungeon | 100.0 | 100.0 |   0.0 |   2.0 |  13.3 |  98.0
               +-------+-------+-------+-------+-------+----------------------

Table legend:
 A = Kills in this place as a percentage of kills in entire the game.
 B = Kills by you in this place as a percentage of kills by you in the entire game.
 C = Kills by friends in this place as a percentage of kills by friends in the entire game.
 D = Other kills in this place as a percentage of other kills in the entire game.
 E = Experience gained in this place as a percentage of experience gained in the entire game.
 F = Experience gained in this place divided by the number of levels of this place that you have seen.
                   A       B       C       D       E      F
               +-------+-------+-------+-------+-------+----------------------
         Total | 100.0 | 100.0 |  -nan |  -nan | 100.0 |  22.0
       Dungeon | 100.0 | 100.0 |  -nan |  -nan | 100.0 |  22.0
               +-------+-------+-------+-------+-------+----------------------
